 Dungeon Crawl Stone Soup version 0.28-a0-691-gad6df49e81 (webtiles) character file.

Game seed: 8250433986294132156

0 meatgazer the Skirmisher (level 1, -4/18 HPs)
             Began as a Demonspawn Abyssal Knight on Oct 22, 2021.
             Was a Follower of Lugonu.
             Killed from afar by a white imp (8 damage)
             ... with a puff of frost
             ... on level 3 of the Abyss.
             The game lasted 00:00:31 (211 turns).

meatgazer the Skirmisher (Demonspawn Abyssal Knight) Turns: 211, Time: 00:00:32

Health: -4/18      AC:  3    Str: 13    XL:     1   Next: 0%
Magic:  2/2        EV: 11    Int: 11    God:    Lugonu [*.....]
Gold:   23         SH:  0    Dex: 13    Spells: 0/0 levels left

rFire   . . .      SeeInvis .   a - +1 falchion
rCold   . . .      Faith    .   (no shield)
rNeg    . . .      Spirit   .   b - +0 leather armour
rPois   .          Reflect  .   (no helmet)
rElec   .          Harm     .   (no cloak)
rCorr   .          Rampage  .   (no gloves)
Will    .....                   (no boots)
Stlth   +.........              (no amulet)
HPRegen 0.06/turn               (no ring)
MPRegen 0.08/turn               (no ring)

@: flying
A: no striking features
a: Renounce Religion, Depart the Abyss


You were on level 3 of the Abyss.
You worshipped Lugonu.
Lugonu was aware of your devotion.
You visited 0 branches of the dungeon, and saw 0 of its levels.
You visited the Abyss 1 time.

You collected 23 gold pieces.

Inventory:

Hand Weapons
 a - a +1 falchion (weapon)
Armour
 b - a +0 leather armour (worn)
Scrolls
 c - a scroll of identify {unknown}


   Skills:
 + Level 3.0 Fighting
 + Level 1.7 Long Blades
 + Level 1.7 Armour
 + Level 0.8 Dodging
 + Level 2.4 Invocations


You couldn't memorise any spells.
You didn't know any spells.
Your spell library was empty.

Dungeon Overview and Level Annotations

Branches:
Dungeon (0/15)

Altars:


Message History

Tentacles burst from the starspawn's body! 2 starspawn tentacles come into view.
The starspawn tentacle grabs you. The starspawn tentacle constricts you.
The starspawn tentacle's grasp on you weakens, but your attempt to escape fails.
The starspawn tentacle loses its grip on you.
The tentacle pulls you backwards! The starspawn tentacle grabs you.
The starspawn tentacle constricts you.
You escape the starspawn tentacle's grasp.
A starspawn tentacle comes into view.
Unknown command.
A tentacle flies out from the starspawn's body!
A starspawn tentacle comes into view.
Found a gateway leading deeper into the Abyss.
A lurking horror comes into view.
Found a gateway leading out of the Abyss.
There is a gateway leading deeper into the Abyss here.
A tentacle flies out from the starspawn's body!
You plunge deeper into the Abyss.
The abyssal rune of Zot can be found at this depth.
Found 18 arrows, a dark potion and 11 gold pieces.
A white imp comes into view.
The white imp shouts!
The white imp gestures at you. The puff of frost hits you!
You aren't carrying any potions.
Found a book of Transfigurations.
You see here a dark potion.
d - a dark potion The white imp grins evilly.
It was a potion of flight.
You feel very buoyant.
You fly up into the air.
The white imp barely misses you.
You hit the white imp but do no damage. The white imp hits you.
The white imp freezes you.
* * * LOW HITPOINT WARNING * * *
You hit the white imp but do no damage. The white imp barely misses you.
You barely miss the white imp. The white imp gestures at you.
The puff of frost hits you!
You die...

.... ......#
.#...# #.......
..... ....#.. #
#...##.....# #
..#........#.##.
...#..#.#.........
#.....#........#
#...........# ...
..#..(@5.#..#
#.#...##........#
.$ #.......#....
..# .......#...##
.. #...#.....#.# .
#..#........ ..
....#.#....#. .
.#........:.#.


You could see a white imp.

Vanquished Creatures (others)
  7 starspawn tentacles (Abyss:2)
7 creatures vanquished.

Notes
Turn   | Place    | Note
-------+----------+-------------------------------------------
     0 | Abyss:1  | meatgazer the Demonspawn Abyssal Knight began the quest for
                  | the Orb.
     0 | Abyss:1  | Reached XP level 1. HP: 18/18 MP: 2/2
    21 | Abyss:1  | Found a corrupted altar of Lugonu.
    86 | Abyss:1  | Noticed an efreet
   147 | Abyss:2  | Noticed a tentacled starspawn
   211 | Abyss:3  | Killed from afar by a white imp

Illustrated notes

Levels and vault maps discovered:
Abyss:3:  base: Temple, kilobyte_mutagenic_chamber,
          nicolae_abyss_rune_star_stuff

Action                   || total
-------------------------++-------
Melee: Falchion          ||     3
  Use: Potion            ||     1
Dodge: Dodged            ||     2

Table legend: (Time is in decaauts)
 A = Elapsed time spent in this place.
 B = Non-inter-level travel time spent in this place.
 C = Inter-level travel time spent in this place.
 D = Time resting spent in this place.
 E = Time spent auto-exploring this place.
 F = Levels seen in this place.
 G = Mean time per level.
                   A        B        C        D        E       F      G
               +--------+--------+--------+--------+--------+-----+--------+
         Total |    210 |    210 |      0 |      0 |    164 |   3 |   70.0 |
         Abyss |    210 |    210 |      0 |      0 |    164 |   3 |   70.0 |
               +--------+--------+--------+--------+--------+-----+--------+

Top non-repeatable levels by time:
 Abyss:1: 91 daAuts
 Abyss:2: 79 daAuts
 Abyss:3: 40 daAuts
